 Dungeon Crawl Stone Soup version 0.17.0-24-gcfadda4 (webtiles) character file.

152 ketsa the Conjurer (level 5, -1/28 HPs)
             Began as a Deep Elf Conjurer on Nov 16, 2015.
             Killed by divine providence
             ... invoked by an orc priest
              (11 damage)
             ... on level 3 of the Dungeon.
             The game lasted 00:07:13 (2228 turns).

ketsa the Conjurer (Deep Elf Conjurer)              Turns: 2228, Time: 00:07:14

Health: -1/28      AC:  3    Str:  5    XL:     5   Next: 11%
Magic:  16/22      EV: 14    Int: 21    God:
Gold:   156        SH:  0    Dex: 15    Spells: 3 memorised, 6 levels left

rFire  . . .     SeeInvis .     e - -2 dagger
rCold  . . .     Clarity  .     a - +0 robe
rNeg   . . .     SustAt   .     (no shield)
rPois  .         Gourm    .     (no helmet)
rElec  .         Spirit   .     (no cloak)
rCorr  .         Warding  .     (no gloves)
rMut   .         Rnd*Tele +     v - +0 pair of boots
MR     .....                    (no amulet)
Stlth  ++........               u - ring of teleportation
                                d - ring of magical power

@: very slightly contaminated, not resistant to hostile enchantments, unstealthy
A: no striking features
a: Evoke Teleportation


You were on level 3 of the Dungeon.
You were not hungry.

You visited 1 branch of the dungeon, and saw 3 of its levels.

You collected 156 gold pieces.

Inventory:

Hand Weapons
 e - a -2 dagger (weapon)
 j - a cursed -3 dagger
 n - a +0 blowgun
 x - a +3 quarterstaff of chaos
Missiles
 y - 23 poisoned needles
Armour
 a - a +0 robe (worn)
 r - a +0 shield
 v - a +0 pair of boots (worn)
 w - a +0 cloak
Jewellery
 d - a ring of magical power (left hand)
 p - an uncursed ring of fire
 u - a ring of teleportation (right hand)
 A - an uncursed ring of ice
Scrolls
 f - a scroll of magic mapping {unknown}
 h - a scroll of remove curse
 m - a scroll of identify {unknown}
 o - a scroll of recharging
Potions
 g - 2 potions of flight {unknown}
 i - a potion of curing {unknown}
 k - a potion of beneficial mutation {unknown}
 l - a potion of invisibility {unknown}
 s - a potion of brilliance {unknown}
Books
 b - a book of Conjurations

   Spells                             Type                      Level
   a - Magic Dart                     Conjuration                  1
   b - Searing Ray                    Conjuration                  2
   c - Dazzling Spray                 Conjuration/Hexes            3
   d - Fulminant Prism                Conjuration/Hexes            4
   e - Iskenderun's Mystic Blast      Conjuration                  4
   f - Iskenderun's Battlesphere      Conjuration/Charms           5
Comestibles
 c - 2 bread rations
 q - 2 beef jerkies
 z - 4 chunks of flesh


   Skills:
 + Level 3.7 Dodging
 + Level 3.5 Stealth
 + Level 4.4 Spellcasting
 * Level 5.4 Conjurations
 + Level 0.0 Hexes


You had 6 spell levels left.
You knew the following spells:

 Your Spells              Type           Power        Failure   Level  Hunger
a - Magic Dart            Conj           ####         1%          1    None
b - Searing Ray           Conj           ####..       1%          2    #......
c - Dazzling Spray        Conj/Hex       ###.....     14%         3    ##.....


Dungeon Overview and Level Annotations

Branches:
Dungeon (3/15)

Altars:


Message History

Aim: an orc wizard, wielding a dagger and wearing a robe (severely wounded, fast)
The spray of energy misses the orc wizard.
The spray of energy hits the orc.
The orc is dazzled.
The spray of energy hits the hobgoblin.
The hobgoblin is severely wounded.
An orc comes into view. It is wielding a trident.
Casting: Dazzling Spray
Confirm with . or Enter, or press ? or * to list all spells.
Aiming: Searing Ray
Press: ? - help, Shift-Dir - straight line, f/p - orc wizard
Aim: an orc wizard, wielding a dagger and wearing a robe (severely wounded, fast)
You miscast Searing Ray.
You are very lightly contaminated with residual magic.
You smell something strange.
An orc comes into view.
The orc priest shouts!
The orc wizard casts a cantrip, but nothing happens.
The orc priest calls down the wrath of Beogh upon you.
Something smites you!
You die...

## .. .# .### ## # ... ..#
#.#########.# #.#
###..!....og..#####.#########
...o....o...o@..............).
o.!)..oo....########.########.
##..........########.########.
#.#.#.##...#.................
.. #.#.##...########)###......
. .......................####
##.#.##.......####..........
.............# #......####
.............# #......#


You could see an orc priest, an orc wizard, 3 orcs and a hobgoblin.

Vanquished Creatures
  Crazy Yiuf (D:2)
  3 gnolls (D:2)
  3 adders
  An ooze (D:2)
  A worm (D:2)
  3 giant geckos
  5 orcs
  8 goblins
  2 hobgoblins
  3 jackals (D:2)
  7 kobolds
  A ball python (D:1)
  10 bats
  A giant newt (D:1)
  3 rats
52 creatures vanquished.

Notes
Turn   | Place    | Note
--------------------------------------------------------------
     0 | D:1      | ketsa the Deep Elf Conjurer began the quest for the Orb.
     0 | D:1      | Reached XP level 1. HP: 10/10 MP: 6/6
   270 | D:1      | Reached XP level 2. HP: 15/15 MP: 8/8
   394 | D:1      | Learned a level 2 spell: Searing Ray
   724 | D:2      | Reached XP level 3. HP: 19/19 MP: 10/10
   987 | D:2      | Reached skill level 5 in Conjurations
  1267 | D:2      | Reached XP level 4. HP: 24/24 MP: 12/12
  1403 | D:2      | Noticed Crazy Yiuf
  1413 | D:2      | Killed Crazy Yiuf
  1968 | D:3      | Reached XP level 5. HP: 28/28 MP: 13/13
  2214 | D:3      | Learned a level 3 spell: Dazzling Spray
  2228 | D:3      | Killed from afar by an orc priest

Action                   |  1- 3 |  4- 6 || total
-------------------------+-------+-------++-------
Melee: Dagger            |       |     3 ||     3
 Cast: Magic Dart        |    57 |    28 ||    85
       Searing Ray       |     3 |     6 ||     9
       Dazzling Spray    |       |     1 ||     1
  Use: Scroll            |       |     3 ||     3
  Eat: Chunk             |     1 |     3 ||     4
